 Dungeon Sprint DCSS version 0.20-a0-785-g17250f0 (webtiles) character file.

4000000 Gorglomux the Axe Maniac (level 22, -65/254 HPs)
             Began as a Deep Dwarf Monk on Feb 27, 2017.
             Was the Champion of Makhleb.
             Annihilated by a large bag of meat
             ... wielding a +9 giant spiked club
              (112 damage)
             ... in the Dungeon (Sprint VIII: "Arena of Blood").
             The game lasted 00:02:09 (40 turns).

Gorglomux the Axe Maniac (Deep Dwarf Monk)            Turns: 40, Time: 00:02:10

Health: -65/254    AC:  4    Str: 23    XL:     22   Next: 8%
Magic:  17/53      EV: 32    Int: 13    God:    Makhleb [******]
Gold:   0          SH:  0    Dex: 15    Spells: 75/75 levels left

rFire    . . .     SeeInvis .   C - +∞ Axe of Woe
rCold    . . .     Gourm    .   b - +0 robe
rNeg     + . .     Faith    .   (shield currently unavailable)
rPois    .         Spirit   .   (no helmet)
rElec    .         Reflect  .   (no cloak)
rCorr    .         Harm     .   (no gloves)
MR       +++..     NoTele   +   (no boots)
Stlth    +++++++++.             (no amulet)
Regen    0.0/turn               (no ring)
MPRegen  0.4/turn               (no ring)

@: non-regenerating
A: damage resistance, heal wounds, negative energy resistance 1, sense
surroundings 3, no regeneration
a: Heal Wounds, Minor Destruction, Lesser Servant of Makhleb, Major Destruction,
Greater Servant of Makhleb, Renounce Religion


You were in the Dungeon.
You worshipped Makhleb.
Makhleb was exalted by your worship.
You were not hungry.

You visited 1 branch

Inventory:

Hand Weapons
 a - a +0 hand axe
 C - the +∞ Axe of Woe (weapon)
   (You found it in the Dungeon)
Armour
 b - a +0 robe (worn)
Scrolls
 B - a scroll of blinking
Potions
 d - a potion of curing
 e - a potion of heal wounds
 f - a potion of haste
 g - 2 potions of magic
 h - a potion of berserk rage
Comestibles
 c - a bread ration


   Skills:
 O Level 27 Fighting
 O Level 27 Axes
 O Level 27 Throwing
 O Level 27 Armour
 O Level 27 Dodging
 O Level 27 Stealth
 O Level 27 Unarmed Combat
 O Level 27 Spellcasting
 O Level 27 Invocations


You had 75 spell levels left.
You didn't know any spells.

Dungeon Overview and Level Annotations

Branches:
Dungeon (1/1)

Altars:
Makhleb


Innate Abilities, Weirdness & Mutations

You are resistant to damage.
You can heal yourself by infusing magical energy.
You resist negative energy. (rN+)
You passively map a large area around you.
You do not regenerate.


Message History

3 orcs and an ogre come into view.
Unknown command. 2 orcs and a vampire knight come into view.
The destroyer is wielding a +9 great sword of slicing.
You hear a shout! x3
The destroyer hits you with a +9 great sword of slicing!!!!!
Ouch! That really hurt!
* * * LOW HITPOINT WARNING * * *
x2 The destroyer bites you.
The destroyer draws strength from your injuries!
You hear a shout!
The destroyer blinks!
The destroyer is engulfed in blazing flames.
The destroyer blinks!
You hear a shout! x2
The bag of meat moves out of view.
The bag of meat is engulfed in blazing flames.
The destroyer blinks!
The large bag of meat hits you with a +9 giant spiked club!!!!
You die... ** ,, * .......o.. , , , .oo

oo....o.... , * ,.o.
o....o.... , ,,,
...., ,#....O..# , ,
, , , .#.O.,
#.......# , , , *
.....###ooOz§..###.
,, ,
......V§§V###......,,
, ,, *,
..#o.Oooooo_.......,
, ,
,,#....%O@#)x...#...
, ,,§..oo%OV#_.<._#,
,. , * , ,
#.......#o..).#....,,
* , ,
..#.%..oV))_)......,
,,
.........)###O....o,
,, ,..%%.###...,
..###O, , , ,.....
,#..O ..# , ...O.
,#§.. ..# , , , * , ,
... , ..


You could see 4 destroyers, a sculptor of flesh, 2 large bags of meat, 5 meat
berserkers and 16 bags of meat.

Vanquished Creatures
  12 ogres (D)
  2 two-headed ogres (D)
  10 orcs (D)
  2 small abominations (D)
  2 crawling corpses (D)
28 creatures vanquished.

Notes
Turn   | Place    | Note
-------+----------+-------------------------------------------
     0 | D        | Gorglomux the Deep Dwarf Monk began the quest for the Orb.
     0 | D        | Reached XP level 1. HP: 20/20 MP: 1/1
     3 | D        | Noticed a bag of meat
     3 | D        | Noticed a bag of meat
     4 | D        | Became a worshipper of Makhleb the Destroyer
     4 | D        | Reached * piety under Makhleb
     4 | D        | Reached ** piety under Makhleb
    10 | D        | Noticed a bag of meat
    10 | D        | Killed a bag of meat
    10 | D        | Reached skill level 27 in Axes
    10 | D        | Reached XP level 2. HP: 37/37 MP: 2/2
    10 | D        | Reached XP level 3. HP: 43/43 MP: 3/3
    10 | D        | Reached XP level 4. HP: 51/51 MP: 4/4
    10 | D        | Reached XP level 5. HP: 57/57 MP: 5/5
    10 | D        | Reached XP level 6. HP: 66/66 MP: 6/6
    10 | D        | Reached XP level 7. HP: 72/72 MP: 7/7
    10 | D        | Reached XP level 8. HP: 80/80 MP: 8/8
    10 | D        | Gained mutation: You passively map the area around you. [Deep Dwarf growth]
    10 | D        | Reached XP level 9. HP: 86/86 MP: 9/9
    10 | D        | Reached XP level 10. HP: 94/94 MP: 10/10
    10 | D        | Reached XP level 11. HP: 100/100 MP: 11/11
    11 | D        | Noticed a meat berserker
    11 | D        | Killed a bag of meat
    11 | D        | Reached XP level 12. HP: 136/136 MP: 12/12
    14 | D        | Noticed a meat berserker
    15 | D        | Noticed a bag of meat
    15 | D        | Noticed a meat berserker
    16 | D        | Noticed a bag of meat
    16 | D        | Killed a meat berserker
    16 | D        | Reached XP level 13. HP: 144/144 MP: 12/25
    16 | D        | Gained mutation: You resist negative energy. (rN+) [Deep Dwarf growth]
    16 | D        | Reached XP level 14. HP: 153/153 MP: 12/26
    17 | D        | Noticed a bag of meat
    18 | D        | Noticed a bag of meat
    18 | D        | Killed a meat berserker
    18 | D        | Reached *** piety under Makhleb
    18 | D        | Reached skill level 18 in Dodging
    18 | D        | Reached skill level 21 in Stealth
    18 | D        | Reached skill level 21 in Invocations
    18 | D        | Reached XP level 15. HP: 160/160 MP: 12/29
    20 | D        | Killed a meat berserker
    20 | D        | Reached skill level 21 in Dodging
    20 | D        | Reached skill level 24 in Stealth
    20 | D        | Reached skill level 24 in Invocations
    20 | D        | Reached **** piety under Makhleb
    20 | D        | Reached XP level 16. HP: 169/169 MP: 12/32
    21 | D        | Noticed a meat berserker
    21 | D        | Reached skill level 24 in Dodging
    21 | D        | Reached skill level 27 in Stealth
    21 | D        | Reached skill level 27 in Invocations
    22 | D        | Noticed a meat berserker
    24 | D        | Reached XP level 17. HP: 196/196 MP: 13/34
    26 | D        | Noticed a meat berserker
    26 | D        | Killed a meat berserker
    26 | D        | Reached skill level 27 in Fighting
    28 | D        | Noticed a meat berserker
    28 | D        | Noticed a large bag of meat
    28 | D        | Noticed a large bag of meat
    28 | D        | Noticed a meat berserker
    29 | D        | Killed a meat berserker
    29 | D        | Reached ***** piety under Makhleb
    29 | D        | Gained mutation: You passively map a large area around you. [Deep Dwarf growth]
    29 | D        | Reached XP level 18. HP: 218/218 MP: 14/35
    30 | D        | Noticed a meat berserker
    30 | D        | Noticed a large bag of meat
    30 | D        | Noticed a large bag of meat
    31 | D        | Noticed a meat berserker
    32 | D        | Noticed a large bag of meat
    32 | D        | Killed a meat berserker
    32 | D        | Reached skill level 27 in Dodging
    32 | D        | Killed a meat berserker
    32 | D        | Reached XP level 19. HP: 226/226 MP: 15/36
    32 | D        | Reached skill level 21 in Throwing
    33 | D        | Noticed a meat berserker
    33 | D        | Noticed a meat berserker
    34 | D        | Killed a meat berserker
    34 | D        | Reached skill level 27 in Armour
    35 | D        | Noticed a large bag of meat
    35 | D        | Noticed a large bag of meat
    35 | D        | Noticed a destroyer
    36 | D        | Noticed a meat berserker
    36 | D        | Noticed a meat berserker
    36 | D        | Killed a meat berserker
    36 | D        | Reached skill level 27 in Throwing
    36 | D        | Reached skill level 9 in Spellcasting
    36 | D        | Reached XP level 20. HP: 189/236 MP: 15/37
    36 | D        | Reached ****** piety under Makhleb
    37 | D        | Killed a meat berserker
    37 | D        | Reached skill level 15 in Spellcasting
    37 | D        | Killed a meat berserker
    37 | D        | Reached skill level 18 in Spellcasting
    37 | D        | Reached skill level 21 in Unarmed Combat
    37 | D        | Reached skill level 21 in Spellcasting
    37 | D        | Reached XP level 21. HP: 244/244 MP: 16/46
    38 | D        | Noticed a destroyer
    38 | D        | Killed a large bag of meat
    38 | D        | Killed a large bag of meat
    39 | D        | Noticed a destroyer
    39 | D        | Reached skill level 27 in Unarmed Combat
    39 | D        | Reached skill level 27 in Spellcasting
    39 | D        | Reached XP level 22. HP: 254/254 MP: 16/53
    40 | D        | Noticed a destroyer
    40 | D        | Annihilated by a large bag of meat

Vault maps used:
D:        meatsprint

Skill      XL: |  1  2  3  4  5  6  7  8  9 10 11 12 13 14 15 16 17 18 19 20 21 |
---------------+----------------------------------------------------------------+-----
Axes           | 27 | 27.0
Fighting       | 7 17 23 27 | 27.0
Dodging        | 14 18 22 24 26 27 | 27.0
Stealth        | 16 21 25 27 | 27.0
Invocations    | 16 21 25 27 | 27.0
Throwing       | 11 20 27 | 27.0
Armour         | 13 23 27 | 27.0
Unarmed Combat | 10 22 27 | 27.0
Spellcasting   | 9 21 27 | 27.0

Action                   |  1- 3 |  4- 6 |  7- 9 | 10-12 | 13-15 | 16-18 | 19-21 | 22-24 || total
-------------------------+-------+-------+-------+-------+-------+-------+-------+-------++-------
Melee: Executioner's axe |     1 |       |       |     2 |     2 |     6 |     5 |       ||    16
Invok: Minor Destruction |     2 |       |       |       |     1 |       |       |       ||     3
Dodge: Dodged            |     1 |       |       |       |     1 |       |       |       ||     2
